 Dungeon Crawl Stone Soup version 0.29-a0-925-g0a7a3d12f8 (webtiles) character file.

Game seed: 4504007967497016421

35893 iguanaiguana the Severer (level 14, -8/127 HPs)
             Began as a Meteoran Fighter on July 28, 2022.
             Was an Initiate of Jiyva.
             Mangled by a four-headed hydra (9 damage)
             ... on level 5 of the Lair of Beasts.
             The game lasted 01:08:33 (6283 turns).

iguanaiguana the Severer (Meteoran Fighter)         Turns: 6283, Time: 01:08:34

Health: -8/127     AC: 21    Str: 22    XL:     14   Next: 56%
Magic:  0/19       EV:  6    Int:  9    God:    Jiyva [......]
Gold:   658        SH:  0    Dex: 16    Spells: 18/18 levels left

rFire   + + .      SeeInvis .   X - +2 battleaxe (flame)
rCold   . . .      Faith    .   (shield currently unavailable)
rNeg    . . .      Spirit   +   D - +0 plate armour {rF+}
rPois   .          Reflect  .   a - +0 helmet of Courage {rElec rF+}
rElec   +          Harm     .   B - +0 cloak
rCorr   .          Rampage  .   q - +2 pair of gloves
Will    ++...                   i - +2 pair of boots
Stlth   ..........              d - amulet of guardian spirit
HPRegen 0.31/turn               (no ring)
MPRegen 0.16/turn               m - ring of willpower

@: glowing
A: sense surroundings 2, otherworldly, glowing, explore regen
a: Renounce Religion


You were on level 5 of the Lair of Beasts.
You worshipped Jiyva.
Jiyva was noncommittal.
You visited 3 branches of the dungeon, and saw 18 of its levels.
You also visited: Ossuary, Bailey, Gauntlet and Volcano.

You collected 3859 gold pieces.
You paid 3201 gold pieces to Gozag.

Inventory:

Hand Weapons
 X - a +2 battleaxe of flaming (weapon)
Missiles
 c - 5 throwing nets
 k - 3 boomerangs
 p - 8 poisoned darts
 w - 3 silver javelins
 C - 4 silver boomerangs (quivered)
 J - 8 javelins
Armour
 a - the +0 helmet of Courage (worn) {rElec rF+}
   (You found it in a Gauntlet)

   rF:        It protects you from fire.
   rElec:     It insulates you from electricity.
 i - a +2 pair of boots (worn)
 q - a +2 pair of gloves (worn)
 B - a +0 cloak (worn)
 D - a +0 plate armour of fire resistance (worn)
 Y - a +0 kite shield
Jewellery
 b - a ring of flight
 d - an amulet of guardian spirit (around neck)
 m - a ring of willpower (right hand)
 N - an amulet of the acrobat
 O - a ring of fire
 V - a ring of fire
Wands
 y - a wand of polymorph (15)
 G - a wand of paralysis (12)
 I - a wand of flame (29)
 P - a wand of digging (12) {@v3}
Scrolls
 e - a scroll of identify {@r1}
 f - 3 scrolls of enchant weapon
 l - 2 scrolls of butterflies
 r - a scroll of enchant armour
 s - 2 scrolls of torment
 t - 3 scrolls of teleportation {@r3}
 u - 3 scrolls of noise
 z - a scroll of vulnerability
 F - a scroll of silence
 L - a scroll of brand weapon {unknown}
 M - 4 scrolls of magic mapping {@r5}
 S - a scroll of acquirement {unknown}
 U - a scroll of poison {unknown}
Potions
 g - 2 potions of curing {@q1}
 j - a potion of degeneration {unknown}
 n - a potion of invisibility
 o - 3 potions of heal wounds {@q2}
 v - a potion of cancellation
 x - 6 potions of flight
 A - a potion of attraction {unknown}
 E - 5 potions of brilliance
 Q - a potion of haste {@q4}
 W - 2 potions of mutation {unknown}
Miscellaneous
 h - a condenser vane (inert)
 K - a phial of floods
 R - a lightning rod (4/4)
 Z - a phantom mirror


   Skills:
 + Level 12.9 Fighting
 - Level 18.0 Axes
 - Level 4.0 Ranged Weapons
 - Level 7.5 Throwing
 - Level 6.0 Armour
 - Level 12.0 Shields
 - Level 2.7 Spellcasting
 - Level 6.0 Evocations


You had 18 spell levels left.
You didn't know any spells.
Your spell library contained the following spells:

 Spells                   Type           Power      Damage    Failure   Level
 Apportation              Tloc           2%         N/A       99%         1
 Freeze                   Ice            4%         1d3       99%         1
 Necrotise                Necr           4%         1d4       99%         1
 Summon Small Mammal      Summ           4%         N/A       99%         1
 Scorch                   Fire           2%         2d5       100%        2
 Static Discharge         Conj/Air       1%         3-4/arc   100%        2
 Gell's Gravitas          Tloc           1%         N/A       100%        3
 Teleport Other           Tloc           1%         N/A       100%        3
 Corpse Rot               Necr/Pois/Air  1%         N/A       100%        4
 Dispel Undead            Necr           1%         3d6       100%        4
 Flame Wave               Conj/Fire      1%         2d4       100%        4
 Sticky Flame             Conj/Fire      1%         2d3       100%        4
 Fireball                 Conj/Fire      0%         3d3       100%        5
 Freezing Cloud           Conj/Ice/Air   0%         6-21      100%        5
 Dispersal                Tloc           0%         N/A       100%        6
 Starburst                Conj/Fire      0%         6d3       100%        6
 Summon Cactus Giant      Summ           0%         N/A       100%        6
 Ignition                 Fire           0%         3d3       100%        8


Dungeon Overview and Level Annotations

Branches:
Dungeon (12/15) Zot: 3194  Temple (1/1) D:4 Zot: 570    Lair (5/5) D:11 Zot: 1888
  Slime (0/5) Lair:5      Ossuary (visited)          Bailey (visited)
Volcano (visited)         Gauntlet (visited)
  Swamp: Lair:2-3    Shoals: Lair:2-3     Snake: Lair:2-3    Spider: Lair:2-3
    Orc: D:9-12

Altars:
Fedhas
Gozag
Sif Muna
Jiyva

Shops:
Lair:5 [((

Annotations:
D:8 Erica


Innate Abilities, Weirdness & Mutations

You passively map the area around you.
You are easily found by Zot.
You glow in the dark.
You regain HP and MP as you explore.


Message History

You slash the yak! You burn the yak.
The yak is almost dead.
You hit the yak. You burn the yak.
You kill the yak!
You kill the blink frog!
You slice one of the six-headed hydra's heads off!
The flame cauterises the wound!
You slice the five-headed hydra!! You burn the five-headed hydra.
The five-headed hydra is moderately wounded.
The five-headed hydra bites you. x2
You lop one of the five-headed hydra's heads off!
The flame cauterises the wound!
You hit the four-headed hydra. You burn the four-headed hydra.
The four-headed hydra is moderately wounded.
The four-headed hydra bites you!!
* * * LOW HITPOINT WARNING * * *
The four-headed hydra bites you!!
* * * LOW HITPOINT WARNING * * *
The four-headed hydra bites you!!
* * * LOW HITPOINT WARNING * * *
The four-headed hydra bites you!
* * * LOW HITPOINT WARNING * * *
Okay, then.
Okay, then.
Aiming: Paralyse
Press: ? - help, Shift-Dir - straight line, f - four-headed hydra
Aim: a four-headed hydra (poison gas, moderately wounded, berserk, incited by Gozag, chance to affect: 29%)
The four-headed hydra easily resists.
The four-headed hydra bites you!
* * * LOW HITPOINT WARNING * * *
The four-headed hydra bites you!
* * * LOW HITPOINT WARNING * * *
Okay, then.
Okay, then.
Aiming: Paralyse
Press: ? - help, Shift-Dir - straight line, f/p - four-headed hydra
Aim: a four-headed hydra (poison gas, moderately wounded, berserk, incited by Gozag, chance to affect: 29%)
The four-headed hydra easily resists.
The four-headed hydra bites you.
* * * LOW HITPOINT WARNING * * *
The four-headed hydra bites you!
You die...

...........,.....................
......... .................#.#.
........ ,, ..............#.####
, , ...#........##### , *
#####.......# , , * ###.....####
* #.......##.# ##†........#
#@#........# ##D........###
#.☼§..#.....P# . #.°§.####....#
*.. ##.§○..##......#*..
#...†$.#####....... #.....##
##...... #....### *.......
#...... * *##.....


You could see a four-headed hydra (berserk, incited).

Vanquished Creatures
  A fire dragon (Volcano)
  A boulder beetle (Lair:5)
  2 hydras
  A two-headed ogre (D:10)
  A tengu warrior (Gauntlet)
  5 lindwurms
  2 cyclopes (D:11)
  4 elephants
  A worldbinder (Gauntlet)
  A torpor snail (Lair:5)
  2 black mambas (Lair:5)
  3 smoke demons (Volcano)
  8 cane toads
  4 komodo dragons
  2 tengu conjurers (Gauntlet)
  2 hornets (D:10)
  2 trolls (D:9)
  22 blink frogs
  4 dream sheep (Lair:5)
  A raiju (Gauntlet)
  6 spriggans (Lair:1)
  2 basilisks (D:11)
  4 wraiths
  A shadow (D:10)
  42 yaks
  3 wyverns
  Grum (Bailey)
  3 steam dragons
  A vampire mosquito (D:11)
  A naga (D:8)
  2 hell hounds (Volcano)
  3 water moccasins
  An orc warrior (D:6)
  An ice beast (D:4)
  3 sky beasts
  A boggart (Gauntlet)
  5 centaurs
  21 wolves
  A phantom (D:5)
  Blork the orc (D:6)
  4 bullfrogs
  6 gnoll sergeants
  9 wights
  14 killer bees
  A howler monkey (D:7)
  8 hounds
  3 jellies (D:6)
  An orc priest (D:6)
  6 gnoll boudas (Bailey)
  4 iguanas
  7 hell rats (Lair:5)
  7 orc wizards
  A mummy (Ossuary)
  23 gnolls
  2 adders
  A shadow imp (D:5)
  A white imp (D:6)
  An ufetubus (D:5)
  4 dart slugs
  15 orcs
  7 endoplasms
  10 goblins
  6 hobgoblins
  5 jackals
  5 kobolds
  A quokka (D:3)
  6 ball pythons
  3 bats (D:1)
  A frilled lizard (D:1)
  A gnoll skeleton (Ossuary)
  7 kobold skeletons (Ossuary)
  13 orc skeletons (Ossuary)
  2 rats
357 creatures vanquished.

Vanquished Creatures (collateral kills)
  A minotaur (Gauntlet)
1 creature vanquished.

Vanquished Creatures (others)
  A hell hound (Volcano)
  A jelly (Lair:5)
  3 bushes
  9 fungi
  14 plants
28 creatures vanquished.

Grand Total: 386 creatures vanquished

Notes
Turn   | Place    | Note
-------+----------+-------------------------------------------
     0 | D:1      | iguanaiguana the Meteoran Fighter began the quest for the
                  | Orb.
     0 | D:1      | Reached XP level 1. HP: 19/19 MP: 2/2
    58 | D:2      | Reached skill level 3 in Axes
    58 | D:2      | Reached XP level 2. HP: 26/26 MP: 3/3
    59 | D:2      | Found a faded altar of an unknown god.
   216 | D:1      | Reached XP level 3. HP: 29/31 MP: 4/4
   243 | D:1      | Reached skill level 4 in Axes
   396 | D:3      | Reached XP level 4. HP: 35/35 MP: 5/5
   532 | D:4      | Reached skill level 1 in Throwing
   583 | D:5      | Entered Level 5 of the Dungeon
   583 | D:5      | Noticed a phantom
   583 | D:5      | Noticed an ice beast
   602 | D:4      | Identified the +5 sling "Isont" {vorpal, MP+9 Str+5}
   627 | D:4      | Reached XP level 5. HP: 44/45 MP: 1/6
   656 | D:4      | Found a staircase to the Ecumenical Temple.
   665 | Temple   | Entered the Ecumenical Temple
   709 | D:4      | Reached skill level 1 in Ranged Weapons
   911 | Temple   | Became a worshipper of Gozag Ym Sagoz the Greedy
   976 | D:6      | Reached XP level 6. HP: 51/51 MP: 7/7
   989 | D:6      | Reached skill level 5 in Axes
  1118 | D:6      | Noticed an orc warrior
  1131 | D:6      | Reached skill level 6 in Axes
  1131 | D:6      | Reached XP level 7. HP: 55/57 MP: 8/8
  1150 | D:6      | Reached skill level 7 in Axes
  1290 | D:6      | Reached skill level 8 in Axes
  1290 | D:6      | Reached XP level 8. HP: 55/63 MP: 7/9
  1432 | D:4      | Reached skill level 5 in Shields
  1674 | D:6      | Noticed Blork the orc
  1698 | D:6      | Killed Blork the orc
  1699 | D:6      | Reached skill level 5 in Fighting
  1737 | D:7      | Gained mutation: You passively map the area around you.
                  | [Meteoran growth]
  1737 | D:7      | Reached XP level 9. HP: 75/75 MP: 10/10
  1740 | D:7      | Reached skill level 5 in Armour
  1909 | D:7      | Reached skill level 1 in Evocations
  1990 | D:7      | Found a flagged portal.
  2011 | Bailey   | Entered a bailey
  2269 | Bailey   | Identified the +4 halberd of Necebb {drain, rF+}
  2295 | Bailey   | Reached skill level 5 in Throwing
  2376 | Bailey   | Reached XP level 10. HP: 52/83 MP: 11/11
  2453 | Bailey   | Reached skill level 9 in Axes
  2453 | Bailey   | Noticed Grum
  2472 | Bailey   | Glimpsed the power of Zot.
  2477 | Bailey   | Killed Grum
  2485 | Bailey   | Identified the +1 great sword of Sior {speed, Str+6 Int+4}
  2505 | Bailey   | Reached skill level 10 in Axes
  2527 | Bailey   | Glimpsed the power of Zot.
  2802 | D:8      | Found a sand-covered staircase.
  2812 | Ossuary  | Entered an ossuary
  2904 | Ossuary  | Reached skill level 11 in Axes
  3061 | D:8      | Noticed Erica
  3091 | D:8      | Reached skill level 12 in Axes
  3129 | D:8      | Noticed Maurice
  3134 | D:8      | Noticed Maurice
  3136 | D:8      | Killed Maurice the naga
  3393 | D:9      | Reached skill level 13 in Axes
  3416 | D:9      | Reached XP level 11. HP: 86/89 MP: 12/12
  3424 | D:10     | Entered Level 10 of the Dungeon
  3669 | D:10     | Reached skill level 14 in Axes
  3765 | D:10     | Noticed a two-headed ogre
  3775 | D:10     | Killed a two-headed ogre
  3811 | D:10     | Paralysed by a hornet for 1 turns
  3849 | D:11     | Noticed a cyclops
  3866 | D:11     | Killed a cyclops
  3867 | D:11     | Reached skill level 15 in Axes
  4504 | D:11     | Noticed a cyclops
  4517 | D:11     | Killed a cyclops
  4522 | D:11     | Reached XP level 12. HP: 105/105 MP: 11/13
  4567 | D:11     | Reached skill level 10 in Fighting
  4609 | D:11     | Found a staircase to the Lair.
  4648 | Lair:1   | Entered Level 1 of the Lair of Beasts
  4824 | Lair:1   | Reached skill level 10 in Shields
  5186 | Lair:4   | Found a dark tunnel.
  5199 | Volcano  | Entered a volcano
  5230 | Volcano  | Reached XP level 13. HP: 113/113 MP: 14/14
  5282 | Volcano  | Reached skill level 5 in Evocations
  5361 | Volcano  | Noticed a fire dragon
  5361 | Volcano  | Found the +2 cloak of the Thief {*Fog Slay-2 SInv Stlth+}
  5384 | Volcano  | Killed a fire dragon
  5493 | Lair:4   | Found a gate leading to a gauntlet.
  5502 | Gauntlet | Entered a Gauntlet
  5502 | Gauntlet | Found a transporter.
  5502 | Gauntlet | Found a transporter.
  5511 | Gauntlet | Found a transporter.
  5513 | Gauntlet | Noticed a tengu warrior
  5523 | Gauntlet | Found a transporter.
  5539 | Gauntlet | Found a large runed translucent door.
  5540 | Gauntlet | Found a transporter.
  5540 | Gauntlet | Found a transporter.
  5552 | Gauntlet | Killed a tengu warrior
  5559 | Gauntlet | Found a large runed translucent door.
  5561 | Gauntlet | Found a large runed translucent door.
  5561 | Gauntlet | Found a large runed translucent door.
  5561 | Gauntlet | Found a runed translucent door.
  5583 | Gauntlet | Found a large runed translucent door.
  5583 | Gauntlet | Found a large runed translucent door.
  5583 | Gauntlet | Found a large runed translucent door.
  5583 | Gauntlet | Found a large runed translucent door.
  5586 | Gauntlet | Found a runed translucent door.
  5587 | Gauntlet | Found a large runed translucent door.
  5587 | Gauntlet | Found a large runed translucent door.
  5587 | Gauntlet | Found a large runed translucent door.
  5587 | Gauntlet | Found a large runed translucent door.
  5588 | Gauntlet | Found a large runed translucent door.
  5588 | Gauntlet | Found a large runed translucent door.
  5589 | Gauntlet | Found a large runed translucent door.
  5589 | Gauntlet | Found a large runed translucent door.
  5593 | Gauntlet | Found a runed translucent gate.
  5593 | Gauntlet | Found a runed translucent gate.
  5593 | Gauntlet | Found a runed translucent gate.
  5594 | Gauntlet | Found a transporter.
  5598 | Gauntlet | Found a transporter.
  5615 | Gauntlet | Found a transporter.
  5617 | Gauntlet | Found a transporter.
  5618 | Gauntlet | Identified the +0 helmet of Courage {rElec rF+}
  5685 | Gauntlet | Noticed a minotaur
  5695 | Gauntlet | Killed a minotaur
  5696 | Gauntlet | Reached skill level 16 in Axes
  5708 | Gauntlet | Got Zolu's Enchiridion on Despicable Magic and Cold
  5729 | Lair:5   | Entered Level 5 of the Lair of Beasts
  5780 | Lair:4   | Noticed a four-headed hydra
  5785 | Lair:4   | Killed a two-headed hydra
  5799 | Lair:5   | Noticed a boulder beetle
  5806 | Lair:5   | Reached skill level 17 in Axes
  5812 | Lair:5   | Killed a boulder beetle
  5970 | Lair:5   | Reached XP level 14. HP: 96/121 MP: 15/19
  5982 | Lair:5   | Reached skill level 18 in Axes
  6015 | Lair:5   | Found a viscous altar of Jiyva.
  6015 | Lair:5   | Found a staircase to the Slime Pits.
  6175 | Lair:5   | Fell from the grace of Gozag
  6175 | Lair:5   | Became a worshipper of Jiyva Juakevei the Shapeless
  6282 | Lair:5   | HP: 3/127 [four-headed hydra (11)]
  6283 | Lair:5   | HP: 1/127 [four-headed hydra (2)]
  6283 | Lair:5   | Mangled by a four-headed hydra

Illustrated notes

Levels and vault maps discovered:
D:1:      nicolae_arrival_memento_mori, layout_rooms
D:2:      layout_rooms, chequers_ecumenical_altar_island, kennysheep_path_1
D:3:      layout_basic, lemuel_coloured_pillars_altar,
          nicolae_kite_square_tiling_tiny
D:4:      layout_cave_pools, minmay_temple_entry_antechambers
D:5:      minmay_spotlight, layout_rooms, mainiacjoe_overflow_big_doors
D:6:      layout_rooms, amcnicky_mini_corridor_feature, uniq_blork_the_orc
D:7:      layout_cave_pools, enter_bailey_5, sigmund_army
D:8:      layout_rooms, mainiacjoe_overflow_paths,
          nicolae_ossuary_entry_monument, minmay_hedge_maze, uniq_maurice,
          uniq_erica
D:9:      layout_basic, chequers_temple_overflow_minitemple, st_stairs_14,
          minmay_misc_feat_room
D:10:     layout_irregular_city, grunt_ministairs_1
D:11:     layout_loops_cross, david_lair_generic, kennysheep_vampire_church
D:12:     layout_small_grid, erik_orc_4
Temple:   nicolae_temple_superstar
Lair:1:   kb_forest_paths, layout_regular_city
Lair:2:   layout_gridlike, small_statue_intersection, lemuel_old_faithful,
          infiniplex_staircase_pool_2
Lair:3:   wander_river, layout_regular_city, elwin_shoals_entry_rocks,
          spider_nest_entry_webs, uniq_urug
Lair:4:   layout_roguey, nicolae_volcano_entry_two_sided,
          gauntlet_entry_generic, beast_lair_carwin_1, grunt_megastairs_2,
          serial_bayou_shore_a, infiniplex_staircase_pool
Lair:5:   minmay_lair_end_enchanted_forest, layout_hall_layers, slime_entry_1

Skill      XL: |  1  2  3  4  5  6  7  8  9 10 11 12 13 14 |
---------------+-------------------------------------------+-----
Axes           | 3 4 6 8 13 15 17 18 | 18.0
Throwing       | 2 5 6 7 |  7.5
Ranged Weapons | 3 4 |  4.0
Shields        | 6 12 | 12.0
Fighting       | 6 9 10 12 | 12.9
Armour         | 4 6 |  6.0
Evocations     | 4 6 |  6.0
Spellcasting   | 2 |  2.7

Action                   |  1- 3 |  4- 6 |  7- 9 | 10-12 | 13-15 || total
-------------------------+-------+-------+-------+-------+-------++-------
Melee: War axe           |    58 |    82 |   245 |   619 |    67 ||  1071
       Battleaxe         |       |       |       |       |   180 ||   180
 Fire: Sling             |       |    11 |     1 |     1 |       ||    13
Throw: Dart              |       |       |    16 |    12 |     4 ||    32
       Boomerang         |       |       |    52 |     3 |    14 ||    69
       Throwing net      |       |       |       |     9 |     1 ||    10
Invok: Potion Petition   |       |       |     1 |       |     1 ||     2
       Call Merchant     |       |       |       |       |     3 ||     3
Evoke: Wand              |       |       |    12 |     2 |     2 ||    16
       Condenser vane    |       |       |       |     1 |     2 ||     3
       Lightning rod     |       |       |       |     2 |       ||     2
       Phantom mirror    |       |       |       |       |     1 ||     1
  Use: Potion            |       |     2 |     4 |     4 |     5 ||    15
       Scroll            |       |       |    10 |    11 |     4 ||    25
 Stab: Paralysed         |       |       |    13 |       |       ||    13
       Distracted        |       |       |     1 |     2 |     3 ||     6
       Confused          |       |       |       |     1 |       ||     1
       Held in net/web   |       |       |       |     2 |       ||     2
Armor: Scale mail        |     8 |       |    51 |       |       ||    59
       Chain mail        |    25 |    48 |    52 |       |       ||   125
       Plate armour      |       |       |    62 |   372 |   190 ||   624
Dodge: Dodged            |    17 |    20 |    75 |   111 |    56 ||   279
Block: Buckler           |    13 |    14 |     3 |       |       ||    30
       Kite shield       |       |       |   184 |   362 |    56 ||   602

Table legend: (Time is in decaauts)
 A = Elapsed time spent in this place.
 B = Non-inter-level travel time spent in this place.
 C = Inter-level travel time spent in this place.
 D = Time resting spent in this place.
 E = Time spent auto-exploring this place.
 F = Levels seen in this place.
 G = Mean time per level.
                   A        B        C        D        E       F      G
               +--------+--------+--------+--------+--------+-----+--------+
         Total |   6350 |   3358 |   2992 |      0 |      0 |  22 |  288.6 |
       Dungeon |   4005 |   1569 |   2436 |      0 |      0 |  12 |  333.8 |
        Temple |     29 |      4 |     25 |      0 |      0 |   1 |   29.0 |
          Lair |   1110 |    580 |    530 |      0 |      0 |   5 |  222.0 |
       Ossuary |    195 |    195 |      0 |      0 |      0 |   1 |  195.0 |
        Bailey |    585 |    585 |      0 |      0 |      0 |   1 |  585.0 |
       Volcano |    239 |    239 |      0 |      0 |      0 |   1 |  239.0 |
      Gauntlet |    184 |    184 |      0 |      0 |      0 |   1 |  184.0 |
               +--------+--------+--------+--------+--------+-----+--------+

Top non-repeatable levels by time:
  Bailey: 585 daAuts
    D:10: 517 daAuts
  Lair:5: 498 daAuts
    D:11: 484 daAuts
     D:7: 477 daAuts
     D:4: 470 daAuts
     D:9: 453 daAuts
     D:6: 411 daAuts
  Lair:1: 338 daAuts
     D:5: 308 daAuts
     D:8: 283 daAuts
 Volcano: 239 daAuts
     D:3: 239 daAuts
 Ossuary: 195 daAuts
Gauntlet: 184 daAuts
